Connexion

NEW JERSEY Devils vs LOS ANGELES Kings

Created - 2 mars 2024 at 06:55

Goals
1 2 3 T
NEW JERSEY Devils 0 1 1 2
LOS ANGELES Kings 0 2 1 3
Shots
1 2 3 T
NEW JERSEY Devils 2 13 5 20
LOS ANGELES Kings 13 20 7 40

GoalsPenalties
1st period
No Goal
Kirby Dach (N.J) for Interference (Minor) at 9:19
Mika Zibanejad (L.A) for Tripping (Minor) at 19:31
Anton Lundell (N.J) for Interference (Minor) at 19:31
2nd period
1. NEW JERSEY Devils , Trevor Zegras 18 (Shayne Gostisbehere 50) at 0:37
2. LOS ANGELES Kings , Calen Addison 5 (Brayden Schenn 34) at 9:08 (PP)
3. LOS ANGELES Kings , Mats Zuccarello 39 (Jason Zucker 42, Calen Addison 41) at 16:15 (PP)
Erik Johnson (N.J) for Tripping (Minor) at 7:57
Roope Hintz (N.J) for Boarding (Minor) at 13:19
Erik Johnson (N.J) for Roughing (Minor) at 15:22
Jack Johnson (N.J) for Tripping (Minor) at 18:18
3rd period
4. NEW JERSEY Devils , Roope Hintz 20 (Charlie Coyle 24, Trevor Zegras 36) at 2:04 (PP)
5. LOS ANGELES Kings , Brock McGinn 22 (Nicolas Roy 25, Nick Foligno 10) at 19:46
Aaron Ekblad (L.A) for High sticking (Minor) at 0:53
Jack Johnson (N.J) for Roughing (Minor) at 3:38
Jack Johnson (N.J) for Boarding (Minor) at 5:39
Jordan Harris (N.J) for Slashing (Minor) at 17:13
Goalie Stats
Eetu Makiniemi (N.J), 37 saves from 40 shots - (0,925), L, 2-2-0, 60:00 minutes
Samuel Montembeault (L.A), 18 saves from 20 shots - (0,900), W, 27-22-3, 60:00 minutes
3 StarsOfficial
1 - Calen Addison (L.A)
2 - Trevor Zegras (N.J)
3 - Brock McGinn (L.A)
Referees : Wes McCauley and Jean Hebert
Linesman : Steve Barton and Derek Amell
Game Note
No Game Note
Finance
Level 1 -- Attendance: 5149 (85,82%) -- Ticket Income $695,115
Level 2 -- Attendance: 4066 (79,45%) -- Ticket Income $365,940
Level 3 -- Attendance: 1492 (74,60%) -- Ticket Income $89,520
Level 4 -- Attendance: 3035 (75,88%) -- Ticket Income $121,400
Luxury Box -- Attendance: 1000 (100,00%) -- Ticket Income $230,000
Game was played at the Staples Center.
Total Attendance: 14742 (81,37%)
Total Ticket Income: $1,501,975
Other Income: $300,395
Total Income: $1,802,370



Team Name Goals Shots Shots Attemp Shots Blocked PIM HIT PP PK FO%
NEW JERSEY Devils 220341418171 / 1 (100%)250%
LOS ANGELES Kings 3407254292 / 8 (25%)150%

NEW JERSEY Devils
Player Name POS G A P +/- PIM HIT SHT SB MP PP MP PP SHT PK MP PK SHT FO% FOT
Anton LundellC000-1211118:180:3910:00058% 31
Brett KulakD0000000517:270:0006:1900% 0
Charlie CoyleC/RW0110030120:240:3200:000100% 2
Christian DvorakC/LW0000010012:460:0009:08048% 21
Cody GlassC0000020011:030:0003:34038% 8
Daniel SprongLW/RW0000003011:290:0004:0000% 0
Erik JohnsonD0000412112:140:0001:3700% 0
Jaccob SlavinD0001010226:530:3907:3900% 0
Jack JohnsonD000-1630115:080:0000:0000% 0
Jordan HarrisD000-1220320:410:3204:5800% 0
Kirby DachC/RW0000212014:230:3200:000100% 1
Max DomiC/LW000-1003019:020:3900:1700% 2
Nail YakupovRW000000203:380:0000:0000% 0
Roope HintzC/LW1010202014:230:3210:00050% 2
Sean KuralyC/LW000000003:380:0000:0000% 0
Shayne GostisbehereD0111021026:590:3907:2300% 0
Trevor ZegrasC1121004018:490:3202:26042% 24
Troy TerryC/RW0000000016:390:3908:310100% 1
LOS ANGELES Kings
Player Name POS G A P +/- PIM HIT SHT SB MP PP MP PP SHT PK MP PK SHT FO% FOT
Aaron EkbladD0000253124:307:5020:0000% 0
Arber XhekajD0001011112:160:2400:2100% 0
Axel Jonsson FjallbyLW000002005:290:0000:0000% 1
Brayden SchennC/LW/RW011-1027024:226:4631:11048% 29
Brock McGinnLW/RW101100409:460:2400:0000% 1
Calen AddisonD1120003121:325:4420:0000% 0
Chandler StephensonC/LW0000034020:477:1210:00048% 31
Derek ForbortD0000010013:360:2400:5000% 0
Jakob SilfverbergLW/RW0000022020:347:1210:0000% 0
Jason ZuckerLW/RW011-1024123:586:2201:11055% 11
Jesse YlonenRW000000005:530:2400:000100% 1
Mats ZuccarelloLW/RW1010003021:146:2210:0000% 0
Mika ZibanejadC/LW/RW0000252020:337:1200:000100% 1
Nick BoninoC/LW000000105:290:0000:00025% 8
Nick FolignoC/LW/RW011100009:220:0000:0000% 0
Nicolas RoyC011100409:220:0000:00078% 9
Olli MaattaD0000020021:195:4400:2100% 0
Thomas ChabotD000-1042126:467:5000:5000% 0



Play-by-Play

1st period


0:01 of 1st period - Anton Lundell wins face-off versus Brayden Schenn in neutral zone.
0:22 of 1st period - Off-side.
0:23 of 1st period - Roope Hintz wins face-off versus Chandler Stephenson in neutral zone.
0:47 of 1st period - Shot by Chandler Stephenson.
0:47 of 1st period - Deflect By Jakob Silfverberg.
0:47 of 1st period - Shot Misses the Net.
1:07 of 1st period - Shot by Chandler Stephenson.
1:07 of 1st period - Shot Blocked by Jack Johnson.
2:03 of 1st period - Off-side.
2:04 of 1st period - Anton Lundell wins face-off versus Jason Zucker in neutral zone.
2:06 of 1st period - Jaccob Slavin is hit by Thomas Chabot and loses puck.
2:12 of 1st period - Shot by Max Domi.
2:12 of 1st period - Shot Misses the Net.
2:34 of 1st period - Shot by Brayden Schenn.
2:34 of 1st period - Stopped by Eetu Makiniemi without a rebound.
2:35 of 1st period - Cody Glass wins face-off versus Nick Bonino in NEW JERSEY Devils zone.
2:54 of 1st period - Off-side.
2:55 of 1st period - Mika Zibanejad wins face-off versus Christian Dvorak in neutral zone.
3:21 of 1st period - Shayne Gostisbehere is hit by Mika Zibanejad and loses puck.
3:36 of 1st period - Shot by Shayne Gostisbehere.
3:36 of 1st period - Stopped by Samuel Montembeault without a rebound.
3:37 of 1st period - Anton Lundell wins face-off versus Brayden Schenn in LOS ANGELES Kings zone.
3:37 of 1st period - Anton Lundell is hit by Derek Forbort.
4:37 of 1st period - Erik Johnson is hit by Brayden Schenn and loses puck.
4:56 of 1st period - Off-side.
4:57 of 1st period - Nicolas Roy wins face-off versus Cody Glass in neutral zone.
5:02 of 1st period - Shot by Brock McGinn.
5:02 of 1st period - Stopped by Eetu Makiniemi with a rebound.
5:04 of 1st period - Shot by Nick Foligno.
5:04 of 1st period - Shot Misses the Net.
5:06 of 1st period - Shot by Thomas Chabot.
5:06 of 1st period - Stopped by Eetu Makiniemi without a rebound.
5:07 of 1st period - Nick Bonino wins face-off versus Cody Glass in NEW JERSEY Devils zone.
5:10 of 1st period - Shot by Jesse Ylonen.
5:10 of 1st period - Deflect By Nick Bonino.
5:10 of 1st period - Shot Misses the Net.
5:24 of 1st period - Jaccob Slavin is hit by Axel Jonsson Fjallby and loses puck.
5:40 of 1st period - Daniel Sprong is hit by Aaron Ekblad and loses puck.
5:46 of 1st period - Troy Terry is hit by Aaron Ekblad.
6:20 of 1st period - Shot by Calen Addison.
6:20 of 1st period - Shot Misses the Net.
7:06 of 1st period - Off-side.
7:07 of 1st period - Brayden Schenn wins face-off versus Anton Lundell in neutral zone.
8:17 of 1st period - Icing by Shayne Gostisbehere.
8:18 of 1st period - Anton Lundell wins face-off versus Nick Bonino in NEW JERSEY Devils zone.
8:41 of 1st period - Shot by Troy Terry.
8:41 of 1st period - Shot Blocked by Calen Addison.
8:43 of 1st period - Shot by Cody Glass.
8:43 of 1st period - Deflect By Troy Terry.
8:43 of 1st period - Shot Misses the Net.
8:52 of 1st period - Axel Jonsson Fjallby is hit by Jack Johnson and loses puck.
9:09 of 1st period - Shot by Jordan Harris.
9:09 of 1st period - Shot Misses the Net.
9:16 of 1st period - Icing by Jesse Ylonen.
9:17 of 1st period - Jesse Ylonen wins face-off versus Trevor Zegras in LOS ANGELES Kings zone.
9:19 of 1st period - Minor Penalty to Kirby Dach for Interference.
9:20 of 1st period - Brayden Schenn wins face-off versus Christian Dvorak in NEW JERSEY Devils zone.
9:25 of 1st period - Shot by Aaron Ekblad.
9:25 of 1st period - Shot Misses the Net.
9:27 of 1st period - Shot by Aaron Ekblad.
9:27 of 1st period - Shot Blocked by Brett Kulak.
9:33 of 1st period - Shot by Jason Zucker.
9:33 of 1st period - Shot Blocked by Jordan Harris.
9:35 of 1st period - Shot by Jason Zucker.
9:35 of 1st period - Shot Blocked by Jordan Harris.
9:37 of 1st period - Shot by Thomas Chabot.
9:37 of 1st period - Shot Misses the Net.
9:57 of 1st period - Shot by Jason Zucker.
9:57 of 1st period - Shot Blocked by Brett Kulak.
9:59 of 1st period - Shot by Brayden Schenn.
9:59 of 1st period - Stopped by Eetu Makiniemi with a rebound.
10:25 of 1st period - Daniel Sprong is hit by Mika Zibanejad and loses puck.
11:19 of 1st period - Shot by Jason Zucker.
11:19 of 1st period - Shot Blocked by Brett Kulak.
11:21 of 1st period - Shot by Brock McGinn.
11:21 of 1st period - Deflect By Nicolas Roy.
11:21 of 1st period - Stopped by Eetu Makiniemi without a rebound.
11:22 of 1st period - Anton Lundell wins face-off versus Nicolas Roy in NEW JERSEY Devils zone.
11:45 of 1st period - Shot by Nicolas Roy.
11:45 of 1st period - Stopped by Eetu Makiniemi without a rebound.
11:46 of 1st period - Trevor Zegras wins face-off versus Axel Jonsson Fjallby in NEW JERSEY Devils zone.
11:56 of 1st period - Icing by Thomas Chabot.
11:57 of 1st period - Nick Bonino wins face-off versus Trevor Zegras in LOS ANGELES Kings zone.
12:36 of 1st period - Shot by Nick Bonino.
12:36 of 1st period - Stopped by Eetu Makiniemi without a rebound.
12:37 of 1st period - Anton Lundell wins face-off versus Brayden Schenn in NEW JERSEY Devils zone.
13:17 of 1st period - Icing by Jack Johnson.
13:18 of 1st period - Chandler Stephenson wins face-off versus Anton Lundell in NEW JERSEY Devils zone.
13:25 of 1st period - Mika Zibanejad is hit by Charlie Coyle and loses puck.
14:09 of 1st period - Daniel Sprong is hit by Arber Xhekaj and loses puck.
14:30 of 1st period - Thomas Chabot is hit by Cody Glass and loses puck.
15:22 of 1st period - Trevor Zegras is hit by Thomas Chabot and loses puck.
15:34 of 1st period - Off-side.
15:35 of 1st period - Nicolas Roy wins face-off versus Anton Lundell in neutral zone.
16:00 of 1st period - Off-side.
16:01 of 1st period - Chandler Stephenson wins face-off versus Christian Dvorak in neutral zone.
16:14 of 1st period - Shot by Jakob Silfverberg.
16:14 of 1st period - Shot Blocked by Jaccob Slavin.
16:16 of 1st period - Shot by Mika Zibanejad.
16:16 of 1st period - Stopped by Eetu Makiniemi without a rebound.
16:17 of 1st period - Trevor Zegras wins face-off versus Brock McGinn in NEW JERSEY Devils zone.
16:36 of 1st period - Shot by Brock McGinn.
16:36 of 1st period - Deflect By Nicolas Roy.
16:36 of 1st period - Stopped by Eetu Makiniemi without a rebound.
16:37 of 1st period - Anton Lundell wins face-off versus Chandler Stephenson in NEW JERSEY Devils zone.
16:46 of 1st period - Shot by Max Domi.
16:46 of 1st period - Stopped by Samuel Montembeault without a rebound.
16:47 of 1st period - Christian Dvorak wins face-off versus Brayden Schenn in LOS ANGELES Kings zone.
16:59 of 1st period - Off-side.
17:00 of 1st period - Anton Lundell wins face-off versus Chandler Stephenson in neutral zone.
17:20 of 1st period - Icing by Olli Maatta.
17:21 of 1st period - Chandler Stephenson wins face-off versus Trevor Zegras in LOS ANGELES Kings zone.
17:30 of 1st period - Shot by Jakob Silfverberg.
17:30 of 1st period - Shot Hit the Post.
17:32 of 1st period - Shot by Calen Addison.
17:32 of 1st period - Stopped by Eetu Makiniemi without a rebound.
17:33 of 1st period - Brayden Schenn wins face-off versus Anton Lundell in NEW JERSEY Devils zone.
17:44 of 1st period - Shot by Thomas Chabot.
17:44 of 1st period - Stopped by Eetu Makiniemi without a rebound.
17:45 of 1st period - Cody Glass wins face-off versus Nicolas Roy in NEW JERSEY Devils zone.
18:18 of 1st period - Brock McGinn is hit by Jaccob Slavin and loses puck.
18:36 of 1st period - Icing by Jaccob Slavin.
18:37 of 1st period - Brayden Schenn wins face-off versus Cody Glass in NEW JERSEY Devils zone.
18:48 of 1st period - Shot by Brayden Schenn.
18:48 of 1st period - Shot Misses the Net.
18:50 of 1st period - Shot by Mats Zuccarello.
18:50 of 1st period - Stopped by Eetu Makiniemi without a rebound.
18:51 of 1st period - Anton Lundell wins face-off versus Chandler Stephenson in NEW JERSEY Devils zone.
19:31 of 1st period - Minor Penalty to Mika Zibanejad for Tripping.
19:31 of 1st period - Minor Penalty to Anton Lundell for Interference.
19:32 of 1st period - Brayden Schenn wins face-off versus Trevor Zegras in neutral zone.
19:37 of 1st period - Shot by Brayden Schenn.
19:37 of 1st period - Stopped by Eetu Makiniemi without a rebound.
19:38 of 1st period - Jason Zucker wins face-off versus Trevor Zegras in NEW JERSEY Devils zone.
19:46 of 1st period - Icing by Charlie Coyle.
19:47 of 1st period - Trevor Zegras wins face-off versus Jason Zucker in NEW JERSEY Devils zone.
Goals for this period are 0 for NEW JERSEY Devils vs 0 for LOS ANGELES Kings .
Shots for this period are 2 for NEW JERSEY Devils vs 13 for LOS ANGELES Kings .

2nd period


0:01 of 2nd period - Jason Zucker wins face-off versus Trevor Zegras in neutral zone.
0:18 of 2nd period - Shot by Brayden Schenn.
0:18 of 2nd period - Stopped by Eetu Makiniemi without a rebound.
0:19 of 2nd period - Jason Zucker wins face-off versus Trevor Zegras in NEW JERSEY Devils zone.
0:22 of 2nd period - Shot by Arber Xhekaj.
0:22 of 2nd period - Stopped by Eetu Makiniemi with a rebound.
0:24 of 2nd period - Shot by Arber Xhekaj.
0:24 of 2nd period - Shot Blocked by Brett Kulak.
0:26 of 2nd period - Shot by Jason Zucker.
0:26 of 2nd period - Stopped by Eetu Makiniemi without a rebound.
0:27 of 2nd period - Trevor Zegras wins face-off versus Jason Zucker in NEW JERSEY Devils zone.
0:27 of 2nd period - Trevor Zegras is hit by Brayden Schenn.
0:37 of 2nd period - Shot by Trevor Zegras.
0:37 of 2nd period - Goal by Trevor Zegras - NEW JERSEY Devils : 1 - LOS ANGELES Kings : 0.
0:38 of 2nd period - Jason Zucker wins face-off versus Trevor Zegras in neutral zone.
0:59 of 2nd period - Icing by Thomas Chabot.
1:00 of 2nd period - Jason Zucker wins face-off versus Trevor Zegras in LOS ANGELES Kings zone.
1:17 of 2nd period - Shot by Brayden Schenn.
1:17 of 2nd period - Deflect By Jason Zucker.
1:17 of 2nd period - Stopped by Eetu Makiniemi without a rebound.
1:18 of 2nd period - Chandler Stephenson wins face-off versus Max Domi in NEW JERSEY Devils zone.
1:45 of 2nd period - Shot by Nail Yakupov.
1:45 of 2nd period - Stopped by Samuel Montembeault without a rebound.
1:46 of 2nd period - Cody Glass wins face-off versus Chandler Stephenson in LOS ANGELES Kings zone.
2:09 of 2nd period - Shot by Chandler Stephenson.
2:09 of 2nd period - Stopped by Eetu Makiniemi without a rebound.
2:10 of 2nd period - Trevor Zegras wins face-off versus Brayden Schenn in NEW JERSEY Devils zone.
2:43 of 2nd period - Shot by Kirby Dach.
2:43 of 2nd period - Stopped by Samuel Montembeault without a rebound.
2:44 of 2nd period - Charlie Coyle wins face-off versus Chandler Stephenson in LOS ANGELES Kings zone.
3:11 of 2nd period - Shot by Chandler Stephenson.
3:11 of 2nd period - Stopped by Eetu Makiniemi without a rebound.
3:12 of 2nd period - Nicolas Roy wins face-off versus Christian Dvorak in NEW JERSEY Devils zone.
3:53 of 2nd period - Shot by Aaron Ekblad.
3:53 of 2nd period - Stopped by Eetu Makiniemi without a rebound.
3:54 of 2nd period - Anton Lundell wins face-off versus Brayden Schenn in NEW JERSEY Devils zone.
3:56 of 2nd period - Icing by Shayne Gostisbehere.
3:57 of 2nd period - Brayden Schenn wins face-off versus Anton Lundell in NEW JERSEY Devils zone.
4:10 of 2nd period - Shot by Mats Zuccarello.
4:10 of 2nd period - Shot Misses the Net.
4:26 of 2nd period - Shot by Anton Lundell.
4:26 of 2nd period - Deflect By Max Domi.
4:26 of 2nd period - Stopped by Samuel Montembeault without a rebound.
4:27 of 2nd period - Chandler Stephenson wins face-off versus Trevor Zegras in LOS ANGELES Kings zone.
4:45 of 2nd period - Shot by Jakob Silfverberg.
4:45 of 2nd period - Shot Misses the Net.
4:49 of 2nd period - Shot by Mika Zibanejad.
4:49 of 2nd period - Shot Misses the Net.
4:51 of 2nd period - Shot by Mika Zibanejad.
4:51 of 2nd period - Stopped by Eetu Makiniemi with a rebound.
4:53 of 2nd period - Shot by Jakob Silfverberg.
4:53 of 2nd period - Stopped by Eetu Makiniemi without a rebound.
4:54 of 2nd period - Brayden Schenn wins face-off versus Anton Lundell in NEW JERSEY Devils zone.
5:25 of 2nd period - Shot by Mats Zuccarello.
5:25 of 2nd period - Shot Blocked by Anton Lundell.
5:27 of 2nd period - Shot by Jason Zucker.
5:27 of 2nd period - Stopped by Eetu Makiniemi without a rebound.
5:28 of 2nd period - Chandler Stephenson wins face-off versus Roope Hintz in NEW JERSEY Devils zone.
5:28 of 2nd period - Chandler Stephenson is hit by Jack Johnson.
5:31 of 2nd period - Jakob Silfverberg is hit by Jordan Harris and loses puck.
5:43 of 2nd period - Trevor Zegras is hit by Aaron Ekblad and loses puck.
5:54 of 2nd period - Shot by Trevor Zegras.
5:54 of 2nd period - Stopped by Samuel Montembeault with a rebound.
6:29 of 2nd period - Shot by Troy Terry.
6:29 of 2nd period - Shot Hit the Post.
6:31 of 2nd period - Shot by Daniel Sprong.
6:31 of 2nd period - Stopped by Samuel Montembeault without a rebound.
6:32 of 2nd period - Brayden Schenn wins face-off versus Anton Lundell in LOS ANGELES Kings zone.
6:39 of 2nd period - Shot by Jason Zucker.
6:39 of 2nd period - Stopped by Eetu Makiniemi without a rebound.
6:40 of 2nd period - Anton Lundell wins face-off versus Brayden Schenn in NEW JERSEY Devils zone.
6:40 of 2nd period - Anton Lundell is hit by Jason Zucker.
7:02 of 2nd period - Shot by Jason Zucker.
7:02 of 2nd period - Shot Blocked by Charlie Coyle.
7:04 of 2nd period - Shot by Mats Zuccarello.
7:04 of 2nd period - Stopped by Eetu Makiniemi with a rebound.
7:06 of 2nd period - Shot by Brayden Schenn.
7:06 of 2nd period - Stopped by Eetu Makiniemi with a rebound.
7:19 of 2nd period - Icing by Brayden Schenn.
7:20 of 2nd period - Brayden Schenn wins face-off versus Trevor Zegras in LOS ANGELES Kings zone.
7:42 of 2nd period - Icing by Erik Johnson.
7:43 of 2nd period - Nicolas Roy wins face-off versus Trevor Zegras in NEW JERSEY Devils zone.
7:57 of 2nd period - Shot by Nicolas Roy.
7:57 of 2nd period - Stopped by Eetu Makiniemi without a rebound.
7:57 of 2nd period - Minor Penalty to Erik Johnson for Tripping.
7:58 of 2nd period - Chandler Stephenson wins face-off versus Christian Dvorak in NEW JERSEY Devils zone.
8:23 of 2nd period - Shot by Jakob Silfverberg.
8:23 of 2nd period - Stopped by Eetu Makiniemi with a rebound.
9:08 of 2nd period - Shot by Calen Addison.
9:08 of 2nd period - Goal by Calen Addison - NEW JERSEY Devils : 1 - LOS ANGELES Kings : 1.
9:09 of 2nd period - Nicolas Roy wins face-off versus Anton Lundell in neutral zone.
10:50 of 2nd period - Calen Addison is hit by Cody Glass and loses puck.
10:57 of 2nd period - Shot by Daniel Sprong.
10:57 of 2nd period - Stopped by Samuel Montembeault with a rebound.
10:59 of 2nd period - Shot by Daniel Sprong.
10:59 of 2nd period - Stopped by Samuel Montembeault without a rebound.
11:00 of 2nd period - Christian Dvorak wins face-off versus Chandler Stephenson in LOS ANGELES Kings zone.
11:03 of 2nd period - Shot by Nail Yakupov.
11:03 of 2nd period - Stopped by Samuel Montembeault without a rebound.
11:04 of 2nd period - Chandler Stephenson wins face-off versus Anton Lundell in LOS ANGELES Kings zone.
11:04 of 2nd period - Mika Zibanejad is hit by Charlie Coyle and loses puck.
11:08 of 2nd period - Aaron Ekblad is hit by Charlie Coyle.
11:11 of 2nd period - Icing by Chandler Stephenson.
11:12 of 2nd period - Anton Lundell wins face-off versus Chandler Stephenson in LOS ANGELES Kings zone.
11:18 of 2nd period - Icing by Thomas Chabot.
11:19 of 2nd period - Anton Lundell wins face-off versus Chandler Stephenson in LOS ANGELES Kings zone.
11:46 of 2nd period - Shot by Max Domi.
11:46 of 2nd period - Stopped by Samuel Montembeault with a rebound.
11:49 of 2nd period - Max Domi is hit by Thomas Chabot and loses puck.
12:15 of 2nd period - Off-side.
12:16 of 2nd period - Trevor Zegras wins face-off versus Brayden Schenn in neutral zone.
12:39 of 2nd period - Jason Zucker is hit by Kirby Dach and loses puck.
12:48 of 2nd period - Shot by Trevor Zegras.
12:48 of 2nd period - Deflect By Roope Hintz.
12:48 of 2nd period - Stopped by Samuel Montembeault with a rebound.
12:50 of 2nd period - Shot by Trevor Zegras.
12:50 of 2nd period - Shot Blocked by Jason Zucker.
13:19 of 2nd period - Minor Penalty to Roope Hintz for Boarding.
13:20 of 2nd period - Chandler Stephenson wins face-off versus Christian Dvorak in NEW JERSEY Devils zone.
13:23 of 2nd period - Shot by Aaron Ekblad.
13:23 of 2nd period - Shot Misses the Net.
13:25 of 2nd period - Shot by Aaron Ekblad.
13:25 of 2nd period - Stopped by Eetu Makiniemi without a rebound.
13:26 of 2nd period - Christian Dvorak wins face-off versus Chandler Stephenson in NEW JERSEY Devils zone.
13:26 of 2nd period - Christian Dvorak is hit by Chandler Stephenson.
14:10 of 2nd period - Brett Kulak is hit by Mika Zibanejad and loses puck.
14:39 of 2nd period - Shot by Calen Addison.
14:39 of 2nd period - Shot Misses the Net.
15:22 of 2nd period - Minor Penalty to Erik Johnson for Roughing.
15:23 of 2nd period - Trevor Zegras wins face-off versus Chandler Stephenson in NEW JERSEY Devils zone.
15:50 of 2nd period - Shot by Thomas Chabot.
15:50 of 2nd period - Shot Misses the Net.
15:52 of 2nd period - Shot by Chandler Stephenson.
15:52 of 2nd period - Stopped by Eetu Makiniemi without a rebound.
15:53 of 2nd period - Christian Dvorak wins face-off versus Brayden Schenn in NEW JERSEY Devils zone.
16:15 of 2nd period - Shot by Jason Zucker.
16:15 of 2nd period - Deflect By Mats Zuccarello.
16:15 of 2nd period - Goal by Mats Zuccarello - NEW JERSEY Devils : 1 - LOS ANGELES Kings : 2.
16:16 of 2nd period - Nicolas Roy wins face-off versus Anton Lundell in neutral zone.
16:49 of 2nd period - Shot by Max Domi.
16:49 of 2nd period - Shot Blocked by Arber Xhekaj.
16:53 of 2nd period - Shot by Charlie Coyle.
16:53 of 2nd period - Shot Misses the Net.
16:55 of 2nd period - Shot by Erik Johnson.
16:55 of 2nd period - Stopped by Samuel Montembeault without a rebound.
16:56 of 2nd period - Trevor Zegras wins face-off versus Nick Bonino in LOS ANGELES Kings zone.
17:19 of 2nd period - Shot by Trevor Zegras.
17:19 of 2nd period - Stopped by Samuel Montembeault with a rebound.
17:49 of 2nd period - Icing by Thomas Chabot.
17:50 of 2nd period - Anton Lundell wins face-off versus Nick Bonino in LOS ANGELES Kings zone.
17:53 of 2nd period - Shot by Max Domi.
17:53 of 2nd period - Shot Misses the Net.
18:18 of 2nd period - Minor Penalty to Jack Johnson for Tripping.
18:19 of 2nd period - Christian Dvorak wins face-off versus Chandler Stephenson in NEW JERSEY Devils zone.
18:19 of 2nd period - Christian Dvorak is hit by Jakob Silfverberg.
18:22 of 2nd period - Jaccob Slavin is hit by Mika Zibanejad.
18:44 of 2nd period - Shot by Mika Zibanejad.
18:44 of 2nd period - Shot Misses the Net.
18:46 of 2nd period - Shot by Calen Addison.
18:46 of 2nd period - Stopped by Eetu Makiniemi without a rebound.
18:47 of 2nd period - Brayden Schenn wins face-off versus Christian Dvorak in NEW JERSEY Devils zone.
19:16 of 2nd period - Icing by Brayden Schenn.
19:17 of 2nd period - Christian Dvorak wins face-off versus Jason Zucker in LOS ANGELES Kings zone.
19:39 of 2nd period - Off-side.
19:40 of 2nd period - Christian Dvorak wins face-off versus Chandler Stephenson in neutral zone.
19:43 of 2nd period - Olli Maatta is hit by Christian Dvorak and loses puck.
Goals for this period are 1 for NEW JERSEY Devils vs 2 for LOS ANGELES Kings .
Shots for this period are 13 for NEW JERSEY Devils vs 20 for LOS ANGELES Kings .

3rd period


0:01 of 3rd period - Christian Dvorak wins face-off versus Brayden Schenn in neutral zone.
0:07 of 3rd period - Icing by Thomas Chabot.
0:08 of 3rd period - Christian Dvorak wins face-off versus Brayden Schenn in LOS ANGELES Kings zone.
0:45 of 3rd period - Shot by Roope Hintz.
0:45 of 3rd period - Shot Misses the Net.
0:51 of 3rd period - Shot by Kirby Dach.
0:51 of 3rd period - Stopped by Samuel Montembeault without a rebound.
0:52 of 3rd period - Anton Lundell wins face-off versus Brayden Schenn in LOS ANGELES Kings zone.
0:52 of 3rd period - Max Domi is hit by Aaron Ekblad.
0:53 of 3rd period - Minor Penalty to Aaron Ekblad for High sticking.
0:54 of 3rd period - Jason Zucker wins face-off versus Max Domi in LOS ANGELES Kings zone.
1:27 of 3rd period - Max Domi is hit by Olli Maatta and loses puck.
1:32 of 3rd period - Shot by Anton Lundell.
1:32 of 3rd period - Stopped by Samuel Montembeault without a rebound.
1:33 of 3rd period - Trevor Zegras wins face-off versus Jason Zucker in LOS ANGELES Kings zone.
2:04 of 3rd period - Shot by Roope Hintz.
2:04 of 3rd period - Goal by Roope Hintz - NEW JERSEY Devils : 2 - LOS ANGELES Kings : 2.
2:05 of 3rd period - Chandler Stephenson wins face-off versus Christian Dvorak in neutral zone.
2:36 of 3rd period - Icing by Calen Addison.
2:37 of 3rd period - Chandler Stephenson wins face-off versus Anton Lundell in LOS ANGELES Kings zone.
2:55 of 3rd period - Icing by Jaccob Slavin.
2:56 of 3rd period - Nicolas Roy wins face-off versus Anton Lundell in NEW JERSEY Devils zone.
3:21 of 3rd period - Shot by Brock McGinn.
3:21 of 3rd period - Stopped by Eetu Makiniemi without a rebound.
3:22 of 3rd period - Brayden Schenn wins face-off versus Cody Glass in NEW JERSEY Devils zone.
3:34 of 3rd period - Jason Zucker is hit by Jordan Harris and loses puck.
3:38 of 3rd period - Minor Penalty to Jack Johnson for Roughing.
3:39 of 3rd period - Chandler Stephenson wins face-off versus Christian Dvorak in NEW JERSEY Devils zone.
4:12 of 3rd period - Shot by Chandler Stephenson.
4:12 of 3rd period - Shot Blocked by Jaccob Slavin.
4:14 of 3rd period - Shot by Aaron Ekblad.
4:14 of 3rd period - Stopped by Eetu Makiniemi without a rebound.
4:15 of 3rd period - Brayden Schenn wins face-off versus Cody Glass in NEW JERSEY Devils zone.
4:16 of 3rd period - Shot by Mats Zuccarello.
4:16 of 3rd period - Shot Blocked by Jordan Harris.
5:38 of 3rd period - Shot by Chandler Stephenson.
5:38 of 3rd period - Stopped by Eetu Makiniemi with a rebound.
5:39 of 3rd period - Minor Penalty to Jack Johnson for Boarding.
5:40 of 3rd period - Brayden Schenn wins face-off versus Trevor Zegras in NEW JERSEY Devils zone.
5:58 of 3rd period - Shot by Brayden Schenn.
5:58 of 3rd period - Stopped by Eetu Makiniemi with a rebound.
7:03 of 3rd period - Jordan Harris is hit by Chandler Stephenson and loses puck.
7:30 of 3rd period - Shot by Brayden Schenn.
7:30 of 3rd period - Stopped by Eetu Makiniemi with a rebound.
7:49 of 3rd period - Nick Foligno is hit by Shayne Gostisbehere and loses puck.
7:57 of 3rd period - Nick Foligno is hit by Jack Johnson and loses puck.
8:00 of 3rd period - Shot by Brock McGinn.
8:00 of 3rd period - Stopped by Eetu Makiniemi without a rebound.
8:01 of 3rd period - Kirby Dach wins face-off versus Nick Bonino in NEW JERSEY Devils zone.
8:14 of 3rd period - Roope Hintz is hit by Aaron Ekblad and loses puck.
8:19 of 3rd period - Shot by Trevor Zegras.
8:19 of 3rd period - Stopped by Samuel Montembeault without a rebound.
8:20 of 3rd period - Anton Lundell wins face-off versus Chandler Stephenson in LOS ANGELES Kings zone.
8:53 of 3rd period - Anton Lundell is hit by Chandler Stephenson and loses puck.
8:58 of 3rd period - Jakob Silfverberg is hit by Anton Lundell and loses puck.
9:12 of 3rd period - Calen Addison is hit by Shayne Gostisbehere and loses puck.
9:45 of 3rd period - Icing by Aaron Ekblad.
9:46 of 3rd period - Trevor Zegras wins face-off versus Brayden Schenn in LOS ANGELES Kings zone.
9:59 of 3rd period - Roope Hintz is hit by Thomas Chabot and loses puck.
11:28 of 3rd period - Icing by Jordan Harris.
11:29 of 3rd period - Anton Lundell wins face-off versus Chandler Stephenson in NEW JERSEY Devils zone.
11:33 of 3rd period - Jordan Harris is hit by Mika Zibanejad.
11:40 of 3rd period - Max Domi is hit by Jakob Silfverberg and loses puck.
11:50 of 3rd period - Icing by Chandler Stephenson.
11:51 of 3rd period - Troy Terry wins face-off versus Chandler Stephenson in LOS ANGELES Kings zone.
11:57 of 3rd period - Cody Glass is hit by Olli Maatta and loses puck.
12:14 of 3rd period - Shot by Daniel Sprong.
12:14 of 3rd period - Shot Misses the Net.
12:17 of 3rd period - Icing by Calen Addison.
12:18 of 3rd period - Chandler Stephenson wins face-off versus Trevor Zegras in LOS ANGELES Kings zone.
12:27 of 3rd period - Shot by Jakob Silfverberg.
12:27 of 3rd period - Shot Blocked by Erik Johnson.
13:07 of 3rd period - Shot by Nicolas Roy.
13:07 of 3rd period - Shot Blocked by Brett Kulak.
13:09 of 3rd period - Shot by Nick Foligno.
13:09 of 3rd period - Shot Misses the Net.
13:12 of 3rd period - Nicolas Roy is hit by Erik Johnson and loses puck.
14:11 of 3rd period - Shot by Troy Terry.
14:11 of 3rd period - Shot Hit the Post.
14:47 of 3rd period - Icing by Thomas Chabot.
14:48 of 3rd period - Christian Dvorak wins face-off versus Brayden Schenn in LOS ANGELES Kings zone.
14:49 of 3rd period - Shot by Nail Yakupov.
14:49 of 3rd period - Shot Blocked by Aaron Ekblad.
14:51 of 3rd period - Shot by Erik Johnson.
14:51 of 3rd period - Stopped by Samuel Montembeault with a rebound.
15:30 of 3rd period - Icing by Mika Zibanejad.
15:31 of 3rd period - Chandler Stephenson wins face-off versus Anton Lundell in LOS ANGELES Kings zone.
15:45 of 3rd period - Icing by Anton Lundell.
15:46 of 3rd period - Anton Lundell wins face-off versus Nick Bonino in NEW JERSEY Devils zone.
15:46 of 3rd period - Anton Lundell is hit by Axel Jonsson Fjallby.
16:48 of 3rd period - Shot by Trevor Zegras.
16:48 of 3rd period - Shot Blocked by Thomas Chabot.
17:13 of 3rd period - Minor Penalty to Jordan Harris for Slashing.
17:14 of 3rd period - Chandler Stephenson wins face-off versus Christian Dvorak in NEW JERSEY Devils zone.
18:19 of 3rd period - Jaccob Slavin is hit by Jason Zucker and loses puck.
18:41 of 3rd period - Icing by Aaron Ekblad.
18:42 of 3rd period - Brayden Schenn wins face-off versus Christian Dvorak in LOS ANGELES Kings zone.
19:18 of 3rd period - Shot by Brock McGinn.
19:18 of 3rd period - Shot Misses the Net.
19:42 of 3rd period - Shot by Nicolas Roy.
19:42 of 3rd period - Shot Hit the Post.
19:46 of 3rd period - Shot by Brock McGinn.
19:46 of 3rd period - Goal by Brock McGinn - NEW JERSEY Devils : 2 - LOS ANGELES Kings : 3.
19:47 of 3rd period - Charlie Coyle wins face-off versus Brayden Schenn in neutral zone.
Goals for this period are 1 for NEW JERSEY Devils vs 1 for LOS ANGELES Kings .
Shots for this period are 5 for NEW JERSEY Devils vs 7 for LOS ANGELES Kings .